 Dungeon Crawl Stone Soup version 0.25-a0-258-g6d7e32a812 (webtiles) character file.

Game seed: 368250372351595730, levelgen mode: deterministic

358 MrRokkomies the Firebug (level 6, -8/61 HPs)
             Began as an Ogre Fire Elementalist on Dec 6, 2019.
             Was an Initiate of Sif Muna.
             Mangled by a scorpion (10 damage)
             ... on level 5 of the Dungeon.
             The game lasted 00:14:32 (3294 turns).

MrRokkomies the Firebug (Ogre Fire Elementalist)    Turns: 3294, Time: 00:14:32

Health: -8/61      AC:  6    Str: 13    XL:     6   Next: 64%
Magic:  7/9        EV: 10    Int: 18    God:    Sif Muna [......]
Gold:   190        SH:  0    Dex:  9    Spells: 2/9 levels left

rFire    . . .     SeeInvis .   a - +0 trident
rCold    . . .     Gourm    .   (no shield)
rNeg     . . .     Faith    .   e - +1 robe
rPois    .         Spirit   .   (helmet restricted)
rElec    .         Reflect  .   (no cloak)
rCorr    .         Harm     .   (gloves unavailable)
MR       .....     Rnd*Tele +   (boots unavailable)
Stlth    +.........             (no amulet)
HPRegen  0.20/turn              (no ring)
MPRegen  0.11/turn              (no ring)

@: lethally poisoned (-8 -> -13), lightly drained
A: large, unfitting armour, thin metallic scales 1, teleportitis 1, tough skin
1, MP-powered wands
a: Renounce Religion


You were on level 5 of the Dungeon.
You worshipped Sif Muna.
Sif Muna was noncommittal.
You were not hungry.

You visited 2 branches of the dungeon, and saw 7 of its levels.

You collected 190 gold pieces.

Inventory:

Hand Weapons
 a - a +0 trident (weapon)
 b - a +0 hunting sling
 m - a +0 mace
Missiles
 f - a throwing net
 i - 20 sling bullets
 k - 73 stones (quivered)
Armour
 e - a +1 robe (worn)
Scrolls
 d - 2 scrolls of remove curse
 h - a scroll of enchant armour
 l - 2 scrolls of identify
 n - a scroll of fog {unknown}
Comestibles
 c - 7 rations


   Skills:
 + Level 3.5(3.4) Fighting
 - Level 1.7 Dodging
 - Level 1.4(1.3) Stealth
 - Level 2.4(2.3) Spellcasting
 * Level 3.7(3.6) Conjurations
 * Level 4.6 Fire Magic


You had 2 spell levels left.
You knew the following spells:

 Your Spells              Type           Power        Failure   Level  Hunger
a - Foxfire               Conj/Fire      ###.         3%          1    #......
b - Conjure Flame         Conj/Fire      ###.....     10%         3    ###....
c - Inner Flame           Hex/Fire       ##......     21%         3    ###....

Your spell library contained the following spells:

 Spells                   Type           Power        Failure   Level  Hunger
 Sticky Flame             Conj/Fire      ###.....     32%         4    #####..
 Fireball                 Conj/Fire      ###.......   65%         5    ######.


Dungeon Overview and Level Annotations

Branches:
Dungeon (6/15)             Temple (1/1) D:6

Altars:
Ashenzari
Cheibriados
Gozag
Sif Muna
Trog
Uskayaw
Vehumet
Xom
The Shining One

Annotations:
D:4 peterlawrence's ghost, amateur MiFi
D:6 Eustachio


Innate Abilities, Weirdness & Mutations

You are too large for most types of armour.
You have tough skin. (AC +1)
You are partially covered in thin metallic scales. (AC +2)
You are occasionally teleported next to monsters.
You expend magic power (3 MP) to strengthen your wands.


Message History

* * * LOW HITPOINT WARNING * * *
You closely miss the scorpion.
The scorpion is almost dead.
The scorpion stings you.
* * * LOW HITPOINT WARNING * * *
You are lethally poisoned!
The scorpion poisons you!
A hound comes into view.
Okay, then.
Unknown command.
Really quaff the potion of mutation?
You feel extremely strange.
Thin metallic scales grow over part of your body.
You feel weirdly uncertain.
You feel your magical essence link to the dungeon's wands.
* * * LOW HITPOINT WARNING * * *
You feel sick.
The hound barks!
You hear a shout!
The scorpion stings you!
You die...

#.# #. #)# ##. #.#
.. #.##h# (
#....##.# #...((...
#........ #@s##
##### ##...# #...##
#.###.....
.....##########.#
..##
...>..#..#......# .#
.>†...#.......##...#
# ...>..#.......#
.### .....##.......#
.# #...###.......#
.#


You could see a scorpion and a hound.

Vanquished Creatures
  An orc warrior (D:6)
  A jelly (D:5)
  An orc wizard (D:6)
  2 worker ants (D:6)
  A hound zombie (D:6)
  4 gnolls (D:3)
  3 adders (D:2)
  2 worms
  A dart slug (D:1)
  2 leopard geckos
  6 orcs
  4 bats (D:2)
  3 giant cockroaches
  3 goblins
  5 hobgoblins
  6 jackals
  2 quokkas
  2 ball pythons
  6 frilled lizards
  4 kobolds
  A leopard gecko zombie (D:6)
  A quokka skeleton (D:6)
  9 rats
70 creatures vanquished.

Vanquished Creatures (others)
  51 foxfires
51 creatures vanquished.

Grand Total: 121 creatures vanquished

Notes
Turn   | Place    | Note
-------+----------+-------------------------------------------
     0 | D:1      | MrRokkomies the Ogre Fire Elementalist began the quest for
                  | the Orb.
     0 | D:1      | Reached XP level 1. HP: 16/16 MP: 3/3
     8 | D:1      | Reached skill level 1 in Conjurations
   119 | D:1      | Found a glowing golden altar of the Shining One.
   375 | D:1      | Reached XP level 2. HP: 23/26 MP: 5/5
   402 | D:1      | Reached skill level 3 in Fire Magic
   541 | D:1      | Reached skill level 1 in Fighting
   910 | D:2      | You fall into a shaft and drop 2 floors!
   917 | D:4      | Reached XP level 3. HP: 31/33 MP: 4/6
   918 | D:4      | Noticed peterlawrence's ghost (amateur MiFi)
   918 | D:4      | Noticed an ogre
   940 | D:3      | Learned a level 3 spell: Conjure Flame
  1004 | D:3      | Reached XP level 4. HP: 17/42 MP: 2/7
  1271 | D:2      | Learned a level 3 spell: Inner Flame
  1338 | D:2      | Found a shimmering altar of Xom.
  1349 | D:2      | Found a bloodstained altar of Trog.
  1349 | D:2      | Found a shattered altar of Ashenzari.
  1349 | D:2      | Found a hide-covered altar of Uskayaw.
  1353 | D:2      | Found an opulent altar of Gozag.
  1353 | D:2      | Found a snail-covered altar of Cheibriados.
  1728 | D:2      | Found a radiant altar of Vehumet.
  1976 | D:2      | Reached XP level 5. HP: 24/50 MP: 8/8
  2472 | D:3      | You fall into a shaft and drop 3 floors!
  2502 | D:6      | Reached skill level 4 in Fire Magic
  2561 | D:6      | Noticed an orc warrior
  2575 | D:6      | Killed an orc warrior
  2575 | D:6      | Reached XP level 6. HP: 12/61 MP: 7/9
  2877 | D:6      | Found a staircase to the Ecumenical Temple.
  2884 | Temple   | Entered the Ecumenical Temple
  2917 | Temple   | Became a worshipper of Sif Muna the Loreminder
  2993 | D:6      | Noticed Eustachio
  3213 | D:6      | Found a hide-covered altar of Uskayaw.
  3222 | D:5      | Entered Level 5 of the Dungeon
  3293 | D:5      | HP: 2/61 [scorpion (5)]
  3294 | D:5      | Gained mutation: You are partially covered in thin metallic
                  | scales. (AC +2) [potion of mutation]
  3294 | D:5      | Gained mutation: You are occasionally teleported next to
                  | monsters. [potion of mutation]
  3294 | D:5      | Gained mutation: You expend magic power (3 MP) to
                  | strengthen your wands. [potion of mutation]
  3294 | D:5      | Mangled by a scorpion

Levels and vault maps discovered:
D:1:      ncdulo_watergridlock, layout_basic, kennysheep_flooded_box,
          st_stairs_2
D:2:      layout_loops_ring, fiery_altar_vehumet, grunt_temple_overflow_open
D:3:      layout_basic, lemuel_doored_altar, first_ration,
          minmay_misc_feat_encased, minmay_misc_feat_cross
D:4:      layout_cave_pools, gammafunk_ghost_smash,
          chequers_serial_rivers_large_a, amethyst_killhole, kennysheep_diamond,
          grunt_ministairs_15
D:5:      minmay_opposing_rooms, layout_loops_ring, kennysheep_windowed_goal
D:6:      layout_loops_ring, lemuel_zombie_altar_yredelemnul,
          minmay_temple_entry_nine_rooms, basic_altar,
          nemelex_spade_bored_becter, uniq_eustachio
Temple:   minmay_temple_curvy_loop

Skill      XL: |  1  2  3  4  5 |
---------------+----------------+-----
Conjurations   | 1 2 3 |  3.7
Fire Magic     | 3 4 |  4.6
Fighting       | 1 2 3 |  3.5
Dodging        | |  1.7
Stealth        | |  1.4
Spellcasting   | |  2.4

Action                   |  1- 3 |  4- 6 || total
-------------------------+-------+-------++-------
Melee: Mace              |    52 |    16 ||    68
       Trident           |       |   176 ||   176
 Fire: Hunting sling     |    14 |    18 ||    32
 Cast: Foxfire           |    15 |    15 ||    30
       Conjure Flame     |     4 |     4 ||     8
  Use: Scroll            |     7 |     1 ||     8
       Potion            |     2 |     5 ||     7
 Stab: Sleeping          |     1 |     3 ||     4
       Distracted        |       |     1 ||     1
  Eat: Chunk             |       |    10 ||    10
Armor: Robe              |    21 |    70 ||    91
Dodge: Dodged            |    34 |   124 ||   158

Table legend:
 A = Non-vault XP
 B = Vault XP
 C = Vault XP percentage of total XP
 D = Non-vault monster count
 E = Vault monster count
 F = Vault count percentage of total count
                 A         B        C        D         E       F
            +---------+---------+-------+---------+---------+-------
      Total |     506 |       6 |   1.2 |      66 |       4 |   5.7
            +---------+---------+-------+---------+---------+-------
        D:1 |      24 |       4 |  14.3 |      14 |       3 |  17.6
        D:2 |      83 |       0 |   0.0 |      26 |       0 |   0.0
        D:3 |      73 |       0 |   0.0 |      12 |       0 |   0.0
        D:4 |       1 |       0 |   0.0 |       1 |       0 |   0.0
        D:5 |      43 |       2 |   4.4 |       1 |       1 |  50.0
        D:6 |     282 |       0 |   0.0 |      12 |       0 |   0.0
            +---------+---------+-------+---------+---------+-------
